 Dungeon Sprint DCSS version 0.19.0-17-g07987d3 (webtiles) character file.

37 LORDOFBUTT the Covert (level 3, -2/16 HPs)
             Began as a Spriggan Enchanter on Nov 10, 2016.
             Was a Believer of Dithmenos.
             Slain by a worker ant (5 damage)
             ... in the Dungeon (Sprint VII: "The Pits").
             The game lasted 00:00:54 (122 turns).

LORDOFBUTT the Covert (Spriggan Enchanter)           Turns: 122, Time: 00:00:54

Health: -2/16      AC:  3    Str:  4    XL:     3   Next: 21%
Magic:  10/10      EV: 18    Int: 16    God:    Dithmenos [**....]
Gold:   0          SH:  0    Dex: 17    Spells: 1 memorised, 10 levels left

rFire  . . .     SeeInvis +     i - +2 dagger
rCold  . . .     Gourm    .     b - +1 robe
rNeg   . . .     Faith    .     (shield restricted)
rPois  .         Spirit   .     (helmet restricted)
rElec  .         Reflect  .     (no cloak)
rCorr  .         Harm     .     (gloves unavailable)
MR     .....     NoTele   +     (boots unavailable)
Stlth  +++++.....               (no amulet)
                                (no ring)
                                (no ring)

@: lethally poisoned (-2 -> -9), wreathed by umbra, very quick
A: unfitting armour, see invisible, herbivore 3, speed 3, slow metabolism 2
a: Shadow Step, Renounce Religion


You were in the Dungeon.
You worshipped Dithmenos.
Dithmenos was pleased with you.
You were not hungry.

You visited 1 branch

Inventory:

Hand Weapons
 i - a +2 dagger (weapon)
Armour
 b - a +1 robe (worn)
Scrolls
 j - a scroll of blinking
 l - 3 scrolls of remove curse
 m - 5 scrolls of amnesia
 n - a scroll of summoning
Potions
 a - 2 potions of berserk rage
 f - a potion of heal wounds
 g - a potion of haste
 h - 4 potions of magic
 k - 2 potions of invisibility
Books
 c - a book of Maledictions

   Spells                             Type                      Level
   a - Corona                         Hexes                        1
   b - Ensorcelled Hibernation        Hexes/Ice                    2
   c - Confuse                        Hexes                        3
   d - Tukima's Dance                 Hexes                        3
   e - Dazzling Spray                 Conjuration/Hexes            3
Comestibles
 d - 8 bread rations
 o - 40 fruits


   Skills:
 - Level 1.1 Short Blades
 - Level 3.0 Dodging
 * Level 8.4 Stealth
 + Level 4.7 Spellcasting
 + Level 5.2 Hexes


You had 10 spell levels left.
You knew the following spells:

 Your Spells              Type           Power        Failure   Level  Hunger
a - Corona                Hex            ###....      1%          1    None


Dungeon Overview and Level Annotations

Branches:
Dungeon (1/1)

Altars:
Ashenzari
Cheibriados
Dithmenos
Elyvilon
Fedhas
Gozag
Hepliaklqana
Kikubaaqudgha
Makhleb
Nemelex Xobeh
Okawaru
Qazlal
Ru
Sif Muna
Trog
Uskayaw
Vehumet
Xom
Yredelemnul
Zin
The Shining One
Beogh
Jiyva
Lugonu


Innate Abilities, Weirdness & Mutations

You are very small and have problems with some larger weapons.
You are too small for most types of armour.
You have supernaturally acute eyesight. (SInv)
You are a herbivore.
You cover ground extremely quickly.
You need consume almost no food.


Message History

The worker ant is heavily wounded.
The worker ant bites you.
You are lethally poisoned!
The worker ant poisons you!
You closely miss the worker ant.
The worker ant is heavily wounded.
You feel sick. The worker ant misses you.
You hit the worker ant but do no damage.
The worker ant is heavily wounded.
You feel sick. The worker ant misses you.
You hit the worker ant but do no damage.
The worker ant is heavily wounded.
The worker ant bites you.
* * * LOW HITPOINT WARNING * * *
The worker ant barely misses you.
You hit the worker ant.
The worker ant is heavily wounded.
* * * LOW HITPOINT WARNING * * *
You feel sick. The worker ant bites you.
You die...

#%?(.')).'.##......#..#
##########.##..........
#..........†'..........
#+#####'#####......#..#
#.....# #..........
#.....# ####'#####+
###'### #.......#
#.....# #.......#
#...@.# #.......#
####a##+###...<...#
#b.....†.##.......#
#Z.......##.......#
###########.......#
#########


You could see a worker ant.

Vanquished Creatures
  A worker ant (D)
  An ufetubus (D)
  A bat skeleton (D)
  3 jackals (D)
  A quokka (D)
  A ball python (D)
8 creatures vanquished.

Notes
Turn   | Place    | Note
-------+----------+-------------------------------------------
     0 | D        | LORDOFBUTT the Spriggan Enchanter began the quest for the Orb.
     0 | D        | Reached XP level 1. HP: 9/9 MP: 5/5
    10 | D        | Noticed a worker ant
    14 | D        | Killed a worker ant
    14 | D        | Reached skill level 7 in Stealth
    14 | D        | Reached XP level 2. HP: 12/13 MP: 6/8
    51 | D        | Found a radiant altar of Vehumet.
    51 | D        | Found a hide-covered altar of Uskayaw.
    51 | D        | Found an ancient bone altar of Kikubaaqudgha.
    51 | D        | Found a viscous altar of Jiyva.
    51 | D        | Found a hazy altar of Hepliaklqana.
    52 | D        | Found a bloodstained altar of Trog.
    52 | D        | Found a deep blue altar of Sif Muna.
    52 | D        | Found a sacrificial altar of Ru.
    52 | D        | Found a stormy altar of Qazlal.
    52 | D        | Found an iron altar of Okawaru.
    52 | D        | Found a sparkling altar of Nemelex Xobeh.
    52 | D        | Found an opulent altar of Gozag.
    52 | D        | Found a blossoming altar of Fedhas.
    52 | D        | Found a white marble altar of Elyvilon.
    52 | D        | Found a shadowy altar of Dithmenos.
    52 | D        | Found a snail-covered altar of Cheibriados.
    53 | D        | Found a glowing golden altar of the Shining One.
    53 | D        | Found a glowing silver altar of Zin.
    54 | D        | Found a burning altar of Makhleb.
    54 | D        | Found a basalt altar of Yredelemnul.
    54 | D        | Found a roughly hewn altar of Beogh.
    55 | D        | Found a corrupted altar of Lugonu.
    55 | D        | Found a shimmering altar of Xom.
    55 | D        | Found a shattered altar of Ashenzari.
    61 | D        | Became a worshipper of Dithmenos the Shadowed
    85 | D        | Reached skill level 8 in Stealth
    85 | D        | Reached skill level 5 in Hexes
    85 | D        | Reached XP level 3. HP: 12/16 MP: 10/10
    88 | D        | Reached * piety under Dithmenos
    98 | D        | Reached ** piety under Dithmenos
   122 | D        | Slain by a worker ant

Skill      XL: |  1  2 |
---------------+-------+-----
Stealth        | 7 8 |  8.4
Spellcasting   | 4 |  4.7
Hexes          | 4 5 |  5.2
Short Blades   | |  1.1
Dodging        | |  3.0

Action                   || total
-------------------------++-------
Melee: Dagger            ||    25
  Use: Potion            ||     2
 Stab: Sleeping          ||     6
Dodge: Dodged            ||    21
